 Dungeon Crawl Stone Soup version 0.17-a0-1262-gd250d98 (webtiles) character file.

5055 Xvorost the Changer (level 10, -1/83 HPs)
             Began as a Demigod Transmuter on June 6, 2015.
             Succumbed to a trapdoor spider's poison
             ... on level 10 of the Dungeon.
             The game lasted 01:08:59 (12632 turns).

Xvorost the Changer (Demigod Transmuter)           Turns: 12632, Time: 01:08:59

Health: -1/83      AC: 10    Str: 13    XL:     10   Next: 10%
Magic:  17/20      EV: 15    Int: 23    God:
Gold:   183        SH:  0    Dex: 16    Spells: 5 memorised, 5 levels left

rFire  . . .     SeeInvis .       - Unarmed
rCold  . . .     Clarity  .     b - +1 robe
rNeg   . . .     SustAt   +     (no shield)
rPois  .         Gourm    .     j - +2 helmet
rElec  .         Spirit   .     n - +0 cloak
rCorr  .         Warding  .     (no gloves)
rMut   .         Stasis   .     (no boots)
MR     +....                    (no amulet)
Stlth  +.........               C - ring of wizardry {Wiz+, !d}
                                E - +3 ring of protection

@: lethally poisoned (-1 -> -28), somewhat resistant to hostile enchantments,
very unstealthy
A: high mp 1, sustain attributes
a: no special abilities


You were on level 10 of the Dungeon.
You were not hungry.

You visited 1 branch of the dungeon, and saw 10 of its levels.
You also visited: Ossuary.

You collected 443 gold pieces.
You spent 260 gold pieces at shops.

Inventory:

Hand weapons
 R - the +1 dagger "Qish" {pierce, *Corrode rElec rC+ Int-3, unknown}
   (You found it on level 9 of the Dungeon)

   It inflicts extra damage upon your enemies.
   It affects your intelligence (-3).
   It protects you from cold.
   It insulates you from electricity.
   It may corrode your equipment when you take damage.
Missiles
 g - 15 arrows of dispersal (quivered) {=f}
 G - 17 arrows of frost
 K - 10 tomahawks
Armour
 b - a +1 robe (worn)
 j - a +2 helmet (worn)
   (You took it off Robin on level 3 of the Dungeon)
 n - a +0 cloak (worn)
   (You found it on level 2 of the Dungeon)
Jewellery
 i - an uncursed amulet of guardian spirit {Spirit}
   (You found it on level 4 of the Dungeon)
 p - a +3 ring of protection
   (You found it on level 2 of the Dungeon)
 t - an uncursed ring of sustain attributes
   (You found it on level 6 of the Dungeon)
 v - an uncursed ring of protection from cold {rC+, !d}
   (You found it on level 3 of the Dungeon)
 C - a ring of wizardry (right hand) {Wiz+, !d}
   (You found it on level 4 of the Dungeon)
 E - a +3 ring of protection (left hand)
   (You took it off a kobold on level 7 of the Dungeon)
 V - a cursed amulet of inaccuracy {unknown}
   (You found it on level 9 of the Dungeon)
Magical devices
 a - a wand of paralysis (12)
   (You found it on level 5 of the Dungeon)
 o - a wand of polymorph (16)
   (You took it off Crazy Yiuf on level 2 of the Dungeon)
 q - a wand of slowing (10)
   (You took it off Natasha on level 2 of the Dungeon)
 u - a wand of teleportation (3)
   (You found it on level 2 of the Dungeon)
 x - a wand of polymorph (13)
   (You found it on level 3 of the Dungeon)
 S - a wand of fireball (12)
   (You found it on level 9 of the Dungeon)
 T - a wand of polymorph (19)
   (You found it on level 9 of the Dungeon)
Scrolls
 e - 2 scrolls of teleportation
 h - 3 scrolls of enchant armour
 k - 7 scrolls of identify
 l - 2 scrolls of fear
 m - a scroll of enchant weapon
 s - a scroll of fog {unknown}
 w - a scroll of random uselessness {unknown}
 A - 5 scrolls of remove curse
 F - 2 scrolls of amnesia {unknown}
 L - a scroll of recharging {unknown}
 M - a scroll of magic mapping {unknown}
 Q - 2 scrolls of noise {unknown}
Potions
 f - 6 potions of flight
 r - 3 potions of lignification {!q}
 z - a potion of beneficial mutation {unknown}
 B - 5 potions of curing
 D - a potion of might
 I - a potion of cancellation
 O - a potion of poison {unknown}
 P - 2 potions of resistance {unknown}
Books
 c - a book of Changes
 y - a book of Conjurations
   (You found it on level 4 of the Dungeon)
 J - a book of Hinderance
   (You bought it in a shop on level 6 of the Dungeon)
Comestibles
 H - 3 bread rations {@e1}
 N - 2 slices of pizza


   Skills:
 + Level 5.7 Fighting
 + Level 5.7 Dodging
 * Level 7.2 Unarmed Combat
 * Level 4.6 Spellcasting
 * Level 3.8 Hexes
 + Level 7.3 Transmutations


You had 5 spell levels left.
You knew the following spells:

 Your Spells              Type           Power        Failure   Level  Hunger
a - Beastly Appendage     Trmt           #####.       1%          1    None
b - Confusing Touch       Hex            ###...       1%          2    None
c - Spider Form           Trmt/Pois      ###.......   4%          3    ##.....
s - Sticks to Snakes      Trmt           #####.....   1%          2    None
x - Blade Hands           Trmt           #####.....   7%          5    #####..


Dungeon Overview and Level Annotations

Branches:
Dungeon (10/15)            Temple (0/1) D:5            Lair (0/8) D:8
    Orc: D:9-12

Shops:
D:6 :(   D:7 [   D:9 :


Innate Abilities, Weirdness & Mutations

You have an increased reservoir of magic (+10% MP).
Your attributes are resistant to harm.


Message History

You feel troubled.
The kobold throws a stone.
The stone hits you but does no damage. The wyvern misses you.
An orc comes into view.
You take 2 damage, and have 80/83 hp.
You create a snake!
The wyvern misses you.
You now have 17/20 mp.
The kobold misses your ball python.
Your ball python bites the centaur zombie but does no damage.
The crimson imp barely misses you. The wyvern misses you.
An adder zombie comes into view.
Casting: Sticks to Snakes You create a snake!
The trapdoor spider bites you!
You are poisoned.
The trapdoor spider poisons you!
The orc wizard gestures wildly while chanting.
The orc wizard flickers and vanishes!
Deactivating autopickup; reactivate with Ctrl-A.
The wyvern bites you but does no damage.
The trapdoor spider closely misses you.
The crimson imp hits you but does no damage.
You take 14 damage, and have 67/83 hp.
You now have 16/20 mp.
You closely miss the trapdoor spider.
You feel sick.
The centaur zombie hits you but does no damage.
The wyvern bites you!
The trapdoor spider bites you but does no damage.
The kobold hits your ball python.
Your ball python dies!
The orc priest mumbles some strange prayers to Beogh against you.
Something smites you!
Your adder bites the centaur zombie.
You take 22 damage, and have 45/83 hp.
MASSIVE DAMAGE!!
Read which item? (? for menu, Esc to quit)
As you read the scroll of teleportation, it crumbles to dust.
You feel strangely unstable.
You feel sick. The wyvern bites you!
The centaur zombie hits you but does no damage.
The trapdoor spider bites you.
* * * LOW HITPOINT WARNING * * *
You are lethally poisoned!
The trapdoor spider poisons you!
The crimson imp hits you but does no damage.
Your adder bites the centaur zombie but does no damage.
The wyvern misses you. The centaur zombie misses you.
The orc priest becomes somewhat translucent.
An orc priest comes into view. It is wielding a hand axe.
You take 22 damage, and have 23/83 hp.
MASSIVE DAMAGE!!
Drink which item? (? for menu, Esc to quit)
You feel much better.
You feel very sick. The trapdoor spider barely misses you.
The crimson imp barely misses you.
The two-headed ogre closely misses your adder.
The two-headed ogre barely misses your adder.
The wyvern completely misses you.
Your adder bites the centaur zombie.
The trapdoor spider barely misses you.
The centaur zombie hits you but does no damage.
You regained 18 hp, and now have 41/83 hp.
You hit the trapdoor spider.
You feel very sick. The wyvern bites you!
* * * LOW HITPOINT WARNING * * *
Your adder bites the centaur zombie.
The crimson imp barely misses you. The trapdoor spider bites you!
* * * LOW HITPOINT WARNING * * *
Something misses your adder.
The centaur zombie hits you but does no damage.
The two-headed ogre hits your adder with a giant club.
The two-headed ogre barely misses your adder.
The wyvern misses you.
You take 27 damage, and have 14/83 hp.
MASSIVE DAMAGE!!
Drink which item? (? for menu, Esc to quit)
You feel much better.
You feel very sick. The trapdoor spider closely misses you.
Your adder bites the centaur zombie.
The centaur zombie misses you.
The crimson imp hits you but does no damage.
Something closely misses your adder.
The orc priest invokes the aid of Beogh against you.
Something smites you! The wyvern misses you. The trapdoor spider bites you!
* * * LOW HITPOINT WARNING * * *
The orc warrior barely misses your adder.
Your adder bites the centaur zombie.
The two-headed ogre closely misses your adder.
The two-headed ogre hits your adder with a giant club!!
Your adder dies!
A sky beast comes into view.
You regained 7 hp, and now have 21/83 hp.
You punch the trapdoor spider!
* * * LOW HITPOINT WARNING * * *
You feel sick. The centaur zombie misses you. The wyvern bites you!
* * * LOW HITPOINT WARNING * * *
The crimson imp closely misses you. The trapdoor spider bites you.
* * * LOW HITPOINT WARNING * * *
The centaur zombie hits you but does no damage.
You take 19 damage, and have 2/83 hp.
MASSIVE DAMAGE!!
You barely miss the wyvern.
Your surroundings suddenly seem different.
You die...

## ##.#
##...#
##.....##
#....a.@#
#.......#
#.......#
#.......#
##.....##
##...#
#..# #..


You could see a worker ant (sleeping).

Vanquished Creatures
  A troll (D:9)
  Sigmund (D:4)
  A hungry ghost (D:10)
  A hippogriff (D:8)
  A water moccasin (D:8)
  A sky beast (D:5)
  A necrophage (D:9)
  2 orc warriors
  2 phantoms (D:8)
  2 centaurs
  An eye of draining (D:8)
  A crocodile (D:8)
  7 ogres
  2 elf zombies (Ossuary)
  Dowan (D:4)
  A water moccasin zombie (D:9)
  7 killer bees (D:7)
  2 crimson imps
  5 hounds
  A centaur zombie (D:8)
  A human zombie (Ossuary)
  Crazy Yiuf (D:2)
  2 giant frog skeletons
  2 jellies
  An orc priest (D:8)
  A worker ant (D:9)
  2 iguanas (D:6)
  8 orc wizards
  A big kobold zombie (Ossuary)
  A hound zombie (D:6)
  2 mummies (Ossuary)
  Natasha (D:2)
  10 adders
  A shadow imp (D:5)
  An ooze (D:1)
  An adder skeleton (D:4)
  An adder zombie (D:6)
  3 worms
  7 giant geckos
  26 orcs
  11 bats
  2 bat skeletons
  6 giant cockroaches
  17 goblins
  18 hobgoblins
  2 jackals
  7 quokkas
  5 ball pythons
  A giant cockroach zombie (D:6)
  A giant gecko zombie (D:5)
  5 giant newts
  A goblin zombie (Ossuary)
  6 hobgoblin zombies (Ossuary)
  A jackal skeleton (D:7)
  2 jackal zombies (Ossuary)
  18 kobolds
  6 kobold zombies (Ossuary)
  6 orc zombies (Ossuary)
  17 rats
  A rat zombie (Ossuary)
247 creatures vanquished.

Vanquished Creatures (collateral kills)
  A hill giant (D:6)
  Prince Ribbit (D:5)
  Eustachio (D:4)
  Edmund (D:4)
  Duvessa (D:4)
  An ogre (D:5)
  An ice beast (D:7)
  A sky beast (D:8)
  A black bear (D:9)
  A centaur (D:6)
  6 killer bees (D:7)
  A hound (D:8)
  An orc priest (D:6)
  A quasit (D:10)
  An iguana (D:5)
  Natasha (twice) (D:2)
  Robin (D:3)
  7 adders
  A worm (D:3)
  An adder skeleton (D:10)
  6 orcs
  A bat zombie (D:10)
  A giant cockroach (D:4)
  3 hobgoblins
  3 kobolds (D:5)
  3 quokkas
  2 bats
  A giant newt (D:2)
  5 goblins (D:3)
  A hobgoblin zombie (Ossuary)
  4 jackals
  2 jackal zombies (Ossuary)
  4 kobold zombies (Ossuary)
  3 orc zombies (Ossuary)
  2 quokka skeletons
  A rat (D:5)
74 creatures vanquished.

Grand Total: 321 creatures vanquished

Notes
Turn   | Place    | Note
--------------------------------------------------------------
     0 | D:1      | Xvorost the Demigod Transmuter began the quest for the Orb.
     0 | D:1      | Reached XP level 1. HP: 15/15 MP: 5/5
   118 | D:1      | Reached skill level 1 in Fighting
   137 | D:1      | Reached skill level 2 in Dodging
   137 | D:1      | Reached skill level 2 in Transmutations
   486 | D:1      | Found a sparkling altar of Nemelex Xobeh.
   656 | D:1      | HP: 4/16 [kobold/dagger (2)]
   659 | D:1      | Reached XP level 2. HP: 5/23 MP: 7/7
  1069 | D:1      | Learned a level 2 spell: Sticks to Snakes
  1109 | D:1      | HP: 3/23 [giant gecko (5)]
  1726 | D:2      | Noticed Natasha
  1734 | D:2      | Killed Natasha
  1734 | D:2      | Reached skill level 3 in Unarmed Combat
  1734 | D:2      | Reached XP level 3. HP: 21/28 MP: 3/8
  1864 | D:2      | Noticed Crazy Yiuf
  1885 | D:2      | Killed Crazy Yiuf
  1976 | D:2      | Noticed Natasha
  1986 | D:2      | Killed Natasha
  1986 | D:2      | Reached XP level 4. HP: 29/36 MP: 4/9
  2001 | D:2      | Reached skill level 2 in Fighting
  2022 | D:2      | HP: 9/36 [poisoned by an adder]
  2027 | D:2      | Reached skill level 3 in Transmutations
  2030 | D:2      | HP: 8/36 [poisoned by an adder]
  2038 | D:2      | HP: 7/36 [poisoned by an adder]
  2286 | D:2      | Noticed Natasha
  2297 | D:2      | Killed Natasha
  2460 | D:2      | HP: 7/36 [adder (3)]
  2782 | D:2      | Found a blossoming altar of Fedhas.
  3221 | D:3      | Reached XP level 5. HP: 35/41 MP: 5/10
  3271 | D:3      | Learned a level 3 spell: Spider Form
  3396 | D:3      | Noticed Robin
  3434 | D:3      | HP: 10/41 [Robin/dagger (5)]
  3449 | D:3      | HP: 7/41 [Robin/dagger (4)]
  3465 | D:3      | HP: 7/41 [quokka (2)]
  3498 | D:3      | Killed Robin
  3770 | D:3      | Found a snail-covered altar of Cheibriados.
  3770 | D:3      | Found a glowing golden altar of the Shining One.
  3887 | D:4      | Noticed Sigmund
  3911 | D:4      | Killed Sigmund
  3911 | D:4      | Reached skill level 3 in Dodging
  3911 | D:4      | Reached skill level 4 in Transmutations
  3911 | D:4      | Reached XP level 6. HP: 31/50 MP: 3/11
  4141 | D:4      | Found an opulent altar of Gozag.
  4288 | D:4      | Noticed Duvessa
  4288 | D:4      | Noticed Dowan
  4289 | D:4      | Noticed Edmund
  4367 | D:5      | Entered Level 5 of the Dungeon
  4413 | D:4      | HP: 2/50 [Edmund/flail of protection (15)]
  4419 | D:4      | Killed Edmund
  4419 | D:4      | Reached skill level 3 in Fighting
  4419 | D:4      | Reached skill level 4 in Unarmed Combat
  4829 | D:4      | Noticed an ogre
  4839 | D:4      | Killed an ogre
  4839 | D:4      | Reached XP level 7. HP: 36/57 MP: 10/12
  4878 | D:4      | Killed Duvessa
  4878 | D:4      | Reached skill level 5 in Transmutations
  4937 | D:4      | Killed Dowan
  5284 | D:4      | Noticed Eustachio
  5312 | D:4      | Killed Eustachio
  6073 | D:5      | Reached skill level 4 in Dodging
  6352 | D:5      | Noticed a moth of wrath
  6384 | D:5      | Found a bloodstained altar of Trog.
  6456 | D:5      | Noticed Prince Ribbit
  6465 | D:5      | Killed Prince Ribbit
  6465 | D:5      | Reached skill level 4 in Fighting
  6465 | D:5      | Reached XP level 8. HP: 64/66 MP: 6/13
  6476 | D:5      | Reached skill level 6 in Transmutations
  6481 | D:5      | Found a staircase to the Ecumenical Temple.
  6626 | D:5      | Reached skill level 5 in Unarmed Combat
  7103 | D:6      | Found Pisapteyvu's Weapon Emporium.
  7215 | D:6      | Found a glowing silver altar of Zin.
  7277 | D:6      | HP: 13/67 [orc/hand axe (5)]
  7282 | D:6      | HP: 2/67 [orc warrior/war axe (12)]
  7645 | D:6      | Found Janun's Book Emporium.
  7794 | D:6      | Noticed a hill giant
  7811 | D:6      | Killed a hill giant
  7811 | D:6      | Reached skill level 2 in Spellcasting
  8407 | D:7      | HP: 9/67 [killer bee (9)]
  8411 | D:7      | HP: 4/67 [poisoned by a killer bee]
  8438 | D:7      | HP: 16/67 [poisoned by a killer bee]
  8440 | D:7      | Reached skill level 5 in Fighting
  8443 | D:7      | HP: 14/68 [poisoned by a killer bee]
  8447 | D:7      | Reached skill level 7 in Transmutations
  8450 | D:7      | HP: 14/68 [poisoned by a killer bee]
  8458 | D:7      | HP: 13/68 [poisoned by a killer bee]
  8741 | D:7      | Reached skill level 5 in Dodging
  8763 | D:7      | Reached XP level 9. HP: 26/74 MP: 5/16
  8770 | D:7      | Reached skill level 6 in Unarmed Combat
  8771 | D:7      | HP: 14/74 [killer bee (9)]
  8776 | D:7      | HP: 6/74 [poisoned by a killer bee]
  8782 | D:7      | HP: 5/74 [poisoned by a killer bee]
  8790 | D:7      | HP: 5/74 [poisoned by a killer bee]
  9113 | D:7      | Learned a level 5 spell: Blade Hands
  9243 | D:7      | Found Aroxt's Antique Armour Boutique.
  9314 | D:6      | Bought a book of Hinderance for 260 gold pieces
  9317 | D:6      | Learned a level 2 spell: Confusing Touch
  9572 | D:7      | HP: 15/74 [ice beast (12)]
  9849 | D:7      | Reached skill level 3 in Spellcasting
  9849 | D:7      | Reached skill level 1 in Hexes
 10090 | D:8      | Found a staircase to the Lair.
 10100 | D:8      | Reached skill level 2 in Hexes
 10386 | D:8      | Found a sand-covered staircase.
 10445 | Ossuary  | Entered an ossuary
 10657 | Ossuary  | Reached skill level 4 in Spellcasting
 11100 | D:8      | Reached skill level 3 in Hexes
 11105 | D:8      | Found a shimmering altar of Xom.
 11111 | D:8      | Found a burning altar of Makhleb.
 11342 | D:9      | Reached skill level 7 in Unarmed Combat
 11856 | D:9      | Found Haixetra's Book Shop.
 12103 | D:9      | Reached XP level 10. HP: 67/83 MP: 13/20
 12396 | D:9      | Got a slimy dagger
 12582 | D:10     | Entered Level 10 of the Dungeon
 12629 | D:10     | HP: 14/83 [trapdoor spider (9)]
 12631 | D:10     | HP: 4/83 [wyvern (15)]
 12632 | D:10     | Succumbed to a trapdoor spider's poison

Vault maps used:
D:1:      dpeg_arrival_rhombus, nemelex_altar_shiori
D:2:      lemuel_coloured_pillars_altar, minivault_25, uniq_natasha,
          uniq_crazy_yiuf_cottage
D:3:      gammafunk_temple_overflow_elements, uniq_robin
D:4:      nicolae_gozag_seed_capital, uniq_eustachio, uniq_edmund, uniq_duvessa,
          uniq_sigmund
D:5:      tgw_trog, minmay_temple_entry_overgrown, first_bread,
          uniq_prince_ribbit1
D:6:      lemuel_doored_altar, serial_shops, shop, nicolae_shop_stone
D:7:      serial_shops, shop
D:8:      grunt_temple_overflow_champion_of_chaos, lair_0_dummy, enter_ossuary_5
D:9:      serial_shops, kennysheep_mini
D:10:     serial_shops, nicolae_shop_crystal
Ossuary:  ossuary_tomb_1

Action                   |  1- 3 |  4- 6 |  7- 9 | 10-12 || total
-------------------------+-------+-------+-------+-------++-------
Melee: Unarmed           |    84 |   285 |   735 |    64 ||  1168
 Cast: Beastly Appendage |     7 |    10 |     3 |       ||    20
       Sticks to Snakes  |     5 |    35 |    53 |     4 ||    97
       Spider Form       |       |     3 |    11 |     1 ||    15
       Blade Hands       |       |       |    11 |       ||    11
       Confusing Touch   |       |       |     1 |     1 ||     2
Evoke: Wand              |       |     1 |       |       ||     1
  Use: Potion            |       |    10 |     2 |     2 ||    14
       Scroll            |       |     7 |       |     1 ||     8
 Stab: Sleeping          |     1 |     1 |     3 |       ||     5
       Distracted        |       |     1 |     2 |     1 ||     4
       Confused          |       |       |       |     2 ||     2
  Eat: Bread ration      |     1 |     1 |     1 |     1 ||     4
       Chunk             |       |     3 |    21 |     1 ||    25
       Meat ration       |       |     1 |       |       ||     1
       Beef jerky        |       |       |     3 |       ||     3

Vault maps used:
D:1:      dpeg_arrival_rhombus, nemelex_altar_shiori
D:2:      lemuel_coloured_pillars_altar, minivault_25, uniq_natasha,
          uniq_crazy_yiuf_cottage
D:3:      gammafunk_temple_overflow_elements, uniq_robin
D:4:      nicolae_gozag_seed_capital, uniq_eustachio, uniq_edmund, uniq_duvessa,
          uniq_sigmund
D:5:      tgw_trog, minmay_temple_entry_overgrown, first_bread,
          uniq_prince_ribbit1
D:6:      lemuel_doored_altar, serial_shops, shop, nicolae_shop_stone
D:7:      serial_shops, shop
D:8:      grunt_temple_overflow_champion_of_chaos, lair_0_dummy, enter_ossuary_5
D:9:      serial_shops, kennysheep_mini
D:10:     serial_shops, nicolae_shop_crystal
Ossuary:  ossuary_tomb_1

Table legend:
 A = Turns spent in this place as a percentage of turns spent in the entire game.
 B = Non-inter-level travel turns spent in this place as a percentage of non-inter-level travel turns spent in the entire game.
 C = Inter-level travel turns spent in this place as a percentage of turns spent in this place.
 D = Turns resting spent in this place as a percentage of non-inter-level travel turns spent in this place.
 E = Turns spent auto-exploring this place as a percentage of non-inter-level travel turns spent in this place.
 F = Non-inter-level travel turns spent in this place divided by the number of levels of this place that you've seen.
                   A       B       C       D       E      F
               +-------+-------+-------+-------+-------+----------------------
         Total | 100.0 | 100.0 |   0.4 |   2.3 |   5.5 | 378.5
       Dungeon |  93.6 |  93.5 |   0.4 |   2.5 |   5.7 | 389.4
       Ossuary |   6.4 |   6.5 |   0.0 |   0.0 |   1.5 | 269.0
               +-------+-------+-------+-------+-------+----------------------

Table legend:
 A = Kills in this place as a percentage of kills in entire the game.
 B = Kills by you in this place as a percentage of kills by you in the entire game.
 C = Kills by friends in this place as a percentage of kills by friends in the entire game.
 D = Other kills in this place as a percentage of other kills in the entire game.
 E = Experience gained in this place as a percentage of experience gained in the entire game.
 F = Experience gained in this place divided by the number of levels of this place that you have seen.
                   A       B       C       D       E      F
               +-------+-------+-------+-------+-------+----------------------
         Total | 100.0 | 100.0 | 100.0 |  -nan | 100.0 | 656.5
       Dungeon |  88.2 |  88.7 |  86.5 |  -nan |  95.5 | 689.9
       Ossuary |  11.8 |  11.3 |  13.5 |  -nan |   4.5 | 323.0
               +-------+-------+-------+-------+-------+----------------------
